PAA
ATHLETIC CLUB KC ACADEMY @ GULF COAST TURBEAUS
05/08/2048
 
TOP OF THE 1ST
Athletic Club KC Academy batting - Pitching for Gulf Coast Turbeaus : RHP Luis Barrios
Pitching: RHP Luis Barrios
Batting: RHB Levka Efremov 0-0: Ball
1-0: Ball
2-0: Ball
3-0: Ground out 4-3 (Groundball, 4, EV 102.5 MPH)
Batting: RHB Vasan Parthiban 0-0: Ball
1-0: Swinging Strike
1-1: Ball
2-1: Foul Ball, location: 2F
2-2: Fly out, F3 (Flyball, 3D, EV 90.6 MPH)
Batting: LHB Gary Noke 0-0: Ball
1-0: Ball
2-0: Called Strike
2-1: Ball
3-1: Swinging Strike
3-2: Ground out 4-3 (Groundball, 4, EV 80.6 MPH)
Top of the 1st over - 0 runs, 0 hits, 0 errors, 0 left on base; Athletic Club KC Academy 0 - Gulf Coast 0
BOTTOM OF THE 1ST
Gulf Coast Turbeaus batting - Pitching for Athletic Club KC Academy : RHP Jamie Miller
Pitching: RHP Jamie Miller
Batting: RHB José Labandeira 0-0: SINGLE (Groundball, 25, EV 68.8 MPH) (infield hit)
Batting: RHB Pete Dunn 0-0: Ball
1-0: Ball
José Labandeira steals 2nd base
2-0: Ball
3-0: Called Strike
3-1: Base on Balls
Batting: LHB Gianni Fei 0-0: Swinging Strike
0-1: Fielders Choice at 2nd, 5-4 (Groundball, 25, EV 88.1 MPH)
José Labandeira to third
Batting: RHB Tim Wise 0-0: Called Strike
Gianni Fei steals 2nd base
0-1: Foul Ball, location: 2F
0-2: Strikes out swinging
Batting: SHB Alex Johnston 0-0: Ball
1-0: Called Strike
1-1: Ball
2-1: Ball
3-1: Reached on error, E6 (Groundball, 56, EV 86.9 MPH)
José Labandeira scores
Gianni Fei to third
Batting: LHB Mike Gill 0-0: Foul Ball, location: 2F
0-1: Ball
1-1: Foul Ball, location: 2F
1-2: Ball
2-2: Ball
3-2: Foul Ball, location: 2F
3-2: Ground out 6-3 (Groundball, 6, EV 83.8 MPH)
Bottom of the 1st over - 1 run, 1 hit, 1 error, 2 left on base; Athletic Club KC Academy 0 - Gulf Coast 1
TOP OF THE 2ND
Athletic Club KC Academy batting - Pitching for Gulf Coast Turbeaus : RHP Luis Barrios
Batting: SHB Ernesto Hernández 0-0: Foul Ball, location: 2F
0-1: Ball
1-1: Ball
2-1: Fly out, F7 (Flyball, 78M, EV 91.2 MPH)
Batting: LHB Robert Norton 0-0: Ball
1-0: Ball
2-0: Ball
3-0: Called Strike
3-1: Called Strike
3-2: Ground out 6-3 (Groundball, P, EV 77.5 MPH)
Batting: RHB Mike Edwards 0-0: Called Strike
0-1: Ground out 6-3 (Groundball, 6, EV 85.0 MPH)
Top of the 2nd over - 0 runs, 0 hits, 0 errors, 0 left on base; Athletic Club KC Academy 0 - Gulf Coast 1
BOTTOM OF THE 2ND
Gulf Coast Turbeaus batting - Pitching for Athletic Club KC Academy : RHP Jamie Miller
Batting: RHB Senzo Matsuura 0-0: Called Strike
0-1: Reached on error, E5 (Groundball, 5S, EV 69.4 MPH)
Batting: RHB Jae-keol Om 0-0: Ball
1-0: DOUBLE (Line Drive, 7LS, EV 101.2 MPH)
Senzo Matsuura scores
Batting: RHB Jorge Sánchez 0-0: Called Strike
0-1: Ball
1-1: Ball
2-1: Ball
3-1: Base on Balls
Batting: RHB José Labandeira 0-0: Foul Ball, location: 2F
0-1: Ball
1-1: Ball
2-1: Ball
3-1: Foul Ball, location: 2F
3-2: Strikes out looking
Batting: RHB Pete Dunn 0-0: Ball
1-0: Called Strike
1-1: Fielders Choice at 2nd, 1-6 (Groundball, 13S, EV 66.2 MPH)
Jae-keol Om to third
Batting: LHB Gianni Fei 0-0: Ball
1-0: Foul Ball, location: 2F
1-1: Ball
2-1: Fly out, F9 (Flyball, 89XD, EV 91.9 MPH)
Bottom of the 2nd over - 1 run, 1 hit, 1 error, 2 left on base; Athletic Club KC Academy 0 - Gulf Coast 2
TOP OF THE 3RD
Athletic Club KC Academy batting - Pitching for Gulf Coast Turbeaus : RHP Luis Barrios
Batting: RHB Ryan Conley 0-0: Foul Ball, location: 2F
0-1: Called Strike
0-2: Ball
1-2: Strikes out looking
Batting: LHB Motoki Yamasaki 0-0: Called Strike
0-1: SINGLE (Line Drive, 89S, EV 100.6 MPH)
Batting: LHB Tom Adams 0-0: Ball
1-0: Ball
2-0: Ball
3-0: Called Strike
3-1: Foul Ball, location: 2F
3-2: Foul Ball, location: 2F
3-2: Grounds into double play, 6-4-3 (Groundball, 6, EV 108.1 MPH)
Top of the 3rd over - 0 runs, 1 hit, 0 errors, 0 left on base; Athletic Club KC Academy 0 - Gulf Coast 2
BOTTOM OF THE 3RD
Gulf Coast Turbeaus batting - Pitching for Athletic Club KC Academy : RHP Jamie Miller
Batting: RHB Tim Wise 0-0: Called Strike
0-1: Ball
1-1: Ball
2-1: Foul Ball, location: 2F
2-2: Foul Ball, location: 2F
2-2: Foul Ball, location: 2F
2-2: Ball
3-2: Strikes out swinging
Batting: SHB Alex Johnston 0-0: Ball
1-0: Foul Ball, location: 2F
1-1: Ball
2-1: Foul Ball, location: 2F
2-2: Ball
3-2: Foul Ball, location: 2F
3-2: Foul Ball, location: 2F
3-2: SINGLE (Groundball, 56S, EV 63.8 MPH) (infield hit)
Batting: LHB Mike Gill 0-0: Ball
1-0: Fielders Choice at 2nd, 4-6 (Groundball, 4, EV 78.8 MPH)
Batting: RHB Senzo Matsuura 0-0: Ball
1-0: Ball
2-0: Called Strike
2-1: Called Strike
Mike Gill is caught stealing 2nd base 2-4
Bottom of the 3rd over - 0 runs, 1 hit, 0 errors, 0 left on base; Athletic Club KC Academy 0 - Gulf Coast 2
TOP OF THE 4TH
Athletic Club KC Academy batting - Pitching for Gulf Coast Turbeaus : RHP Luis Barrios
Batting: RHB Levka Efremov 0-0: Ball
1-0: Foul Ball, location: 2F
1-1: Foul Ball, location: 2F
1-2: Ground out U3 (Groundball, 3, EV 82.5 MPH)
Batting: RHB Vasan Parthiban 0-0: Ball
1-0: Ball
2-0: Called Strike
2-1: Ball
3-1: Ground out 5-3 (Groundball, 5S, EV 69.4 MPH)
Batting: LHB Gary Noke 0-0: Called Strike
0-1: Ball
1-1: Foul Ball, location: 2F
1-2: Foul Ball, location: 2F
1-2: Ball
2-2: Strikes out swinging
Top of the 4th over - 0 runs, 0 hits, 0 errors, 0 left on base; Athletic Club KC Academy 0 - Gulf Coast 2
BOTTOM OF THE 4TH
Gulf Coast Turbeaus batting - Pitching for Athletic Club KC Academy : RHP Jamie Miller
Batting: RHB Senzo Matsuura 0-0: SINGLE (Line Drive, 89S, EV 108.8 MPH)
Batting: RHB Jae-keol Om 0-0: Called Strike
0-1: Ball
1-1: Grounds into double play, 5-4-3 (Groundball, 56, EV 100.0 MPH)
Batting: RHB Jorge Sánchez 0-0: Called Strike
0-1: Foul Ball, location: 2F
0-2: Foul Ball, location: 2F
0-2: Strikes out swinging
Bottom of the 4th over - 0 runs, 1 hit, 0 errors, 0 left on base; Athletic Club KC Academy 0 - Gulf Coast 2
TOP OF THE 5TH
Athletic Club KC Academy batting - Pitching for Gulf Coast Turbeaus : RHP Luis Barrios
Batting: SHB Ernesto Hernández 0-0: Called Strike
0-1: Ground out U3 (Groundball, 34S, EV 85.6 MPH)
Batting: LHB Robert Norton 0-0: Foul Ball, location: 2F
0-1: Foul Ball, location: 2F
0-2: Ball
1-2: Foul Ball, location: 2F
1-2: Foul Ball, location: 2F
1-2: SINGLE (Groundball, 25, EV 63.8 MPH) (infield hit)
Batting: RHB Mike Edwards 0-0: Fielders Choice at 2nd, 3-6 (Groundball, 3, EV 92.5 MPH)
Batting: RHB Ryan Conley 0-0: Called Strike
0-1: Called Strike
0-2: Ball
Wild Pitch!
Mike Edwards to second
1-2: Strikes out swinging
Top of the 5th over - 0 runs, 1 hit, 0 errors, 1 left on base; Athletic Club KC Academy 0 - Gulf Coast 2
BOTTOM OF THE 5TH
Gulf Coast Turbeaus batting - Pitching for Athletic Club KC Academy : RHP Jamie Miller
Batting: RHB José Labandeira 0-0: Ground out 3-1 (Groundball, 34S, EV 85.6 MPH)
Batting: RHB Pete Dunn 0-0: Ground out 6-3 (Groundball, 6, EV 85.6 MPH)
Batting: LHB Gianni Fei 0-0: Ball
1-0: Ball
2-0: Foul Ball, location: 2F
2-1: Ball
3-1: Base on Balls
Batting: RHB Tim Wise 0-0: Called Strike
0-1: Swinging Strike
0-2: Ball
1-2: Foul Ball, location: 2F
1-2: Foul Ball, location: 2F
1-2: Foul Ball, location: 2F
1-2: Foul Ball, location: 2F
1-2: Fly out, F8 (Flyball, 78M, EV 83.1 MPH)
Bottom of the 5th over - 0 runs, 0 hits, 0 errors, 1 left on base; Athletic Club KC Academy 0 - Gulf Coast 2
TOP OF THE 6TH
Athletic Club KC Academy batting - Pitching for Gulf Coast Turbeaus : RHP Luis Barrios
Batting: LHB Motoki Yamasaki 0-0: Ball
1-0: Swinging Strike
1-1: Called Strike
1-2: Fly out, F8 (Flyball, 8LXD, EV 88.8 MPH)
Batting: LHB Tom Adams 0-0: Called Strike
0-1: Called Strike
0-2: Strikes out swinging
Batting: RHB Levka Efremov 0-0: Foul Ball, location: 2F
0-1: Foul Ball, location: 2F
0-2: SOLO HOME RUN (Flyball, 9D, EV 97.5 MPH), Distance : 372 ft
Batting: RHB Vasan Parthiban 0-0: Ball
1-0: Called Strike
1-1: Called Strike
1-2: Foul Ball, location: 2F
1-2: Foul Ball, location: 2F
1-2: Ball
2-2: Strikes out swinging
Top of the 6th over - 1 run, 1 hit, 0 errors, 0 left on base; Athletic Club KC Academy 1 - Gulf Coast 2
BOTTOM OF THE 6TH
Gulf Coast Turbeaus batting - Pitching for Athletic Club KC Academy : RHP Jamie Miller
Pitching: LHP Kevin Allen
Batting: SHB Alex Johnston 0-0: Foul Ball, location: 2F
0-1: SINGLE (Line Drive, 6MD, EV 95.0 MPH)
Batting: LHB Mike Gill 0-0: Sac Bunt to 15S - play at first, batter OUT! 1-4
Alex Johnston to second
Batting: RHB Senzo Matsuura 0-0: Ball
1-0: Called Strike
1-1: Foul Ball, location: 2F
1-2: Strikes out swinging
Batting: RHB Jae-keol Om 0-0: Ball
1-0: Ball
2-0: Ball
3-0: Called Strike
3-1: Base on Balls
Pinch Runner at 2nd Frédéric Ramos:
Batting: RHB Jorge Sánchez 0-0: Ball
1-0: Ball
2-0: Foul Ball, location: 2F
2-1: Called Strike
2-2: Foul Ball, location: 2F
2-2: Foul Ball, location: 2F
2-2: Ball
3-2: Base on Balls
Frédéric Ramos to third
Jae-keol Om to second
Batting: RHB José Labandeira 0-0: Called Strike
0-1: Ball
1-1: Foul Ball, location: 2F
1-2: Strikes out looking
Bottom of the 6th over - 0 runs, 1 hit, 0 errors, 3 left on base; Athletic Club KC Academy 1 - Gulf Coast 2
TOP OF THE 7TH
Athletic Club KC Academy batting - Pitching for Gulf Coast Turbeaus : RHP Luis Barrios
Batting: LHB Gary Noke 0-0: Ball
1-0: Foul Ball, location: 2F
1-1: Ball
2-1: Foul Ball, location: 2F
2-2: Ground out U3 (Groundball, 34, EV 87.5 MPH)
Batting: SHB Ernesto Hernández 0-0: Ball
1-0: Fly out, F9 (Flyball, 9LS, EV 81.9 MPH)
Batting: LHB Robert Norton 0-0: Ground out 4-3 (Groundball, 4, EV 101.9 MPH)
Top of the 7th over - 0 runs, 0 hits, 0 errors, 0 left on base; Athletic Club KC Academy 1 - Gulf Coast 2
BOTTOM OF THE 7TH
Gulf Coast Turbeaus batting - Pitching for Athletic Club KC Academy : LHP Kevin Allen
Batting: RHB Pete Dunn 0-0: Foul Ball, location: 2F
0-1: DOUBLE (Line Drive, 89D, EV 103.8 MPH)
Batting: LHB Gianni Fei 0-0: SINGLE (Line Drive, 8LS, EV 96.9 MPH)
Pete Dunn to third
Runner from 3rd tries for Home, SAFE, throw by CF to home
Batting: RHB Tim Wise 0-0: Ball
1-0: Ball
2-0: Foul Ball, location: 2F
2-1: Foul Ball, location: 2F
2-2: Foul Ball, location: 2F
2-2: Strikes out looking
Batting: RHB Frédéric Ramos 0-0: Called Strike
0-1: Grounds into double play, 6-4-3 (Groundball, 6M, EV 96.9 MPH)
Bottom of the 7th over - 1 run, 2 hits, 0 errors, 0 left on base; Athletic Club KC Academy 1 - Gulf Coast 3
TOP OF THE 8TH
Athletic Club KC Academy batting - Pitching for Gulf Coast Turbeaus : RHP Luis Barrios
Batting: RHB Mike Edwards 0-0: Ball
1-0: Ball
2-0: Called Strike
2-1: DOUBLE (Groundball, 5L, EV 95.0 MPH)
Pitching: RHP Zhong-shu Ang
Batting: RHB Ryan Conley 0-0: Ball
1-0: Foul Ball, location: 2F
1-1: Swinging Strike
1-2: Ball
2-2: Foul Ball, location: 2F
2-2: Foul Ball, location: 2F
2-2: Fly out, F8 (Flyball, 8LM, EV 83.8 MPH)
Batting: LHB Motoki Yamasaki 0-0: Fly out, F7 (Flyball, 78D, EV 91.9 MPH)
Batting: LHB Tom Adams 0-0: Foul Ball, location: 2F
0-1: Foul Ball, location: 2F
0-2: Fly out, F7 (Flyball, 78S, EV 88.1 MPH)
Top of the 8th over - 0 runs, 1 hit, 0 errors, 1 left on base; Athletic Club KC Academy 1 - Gulf Coast 3
BOTTOM OF THE 8TH
Gulf Coast Turbeaus batting - Pitching for Athletic Club KC Academy : LHP Kevin Allen
Batting: LHB Mike Gill 0-0: Ball
1-0: Fly out, F3 (Flyball, 34D, EV 86.9 MPH)
Batting: RHB Senzo Matsuura 0-0: Ground out 6-3 (Groundball, 6M, EV 90.6 MPH)
Batting: RHB Jae-keol Om 0-0: Ball
1-0: Ball
2-0: Fly out, F9 (Flyball, 9LD, EV 102.5 MPH)
Bottom of the 8th over - 0 runs, 0 hits, 0 errors, 0 left on base; Athletic Club KC Academy 1 - Gulf Coast 3
TOP OF THE 9TH
Athletic Club KC Academy batting - Pitching for Gulf Coast Turbeaus : RHP Zhong-shu Ang
Pitching: RHP Alberto Ramos
Batting: RHB Levka Efremov 0-0: Ball
1-0: Called Strike
1-1: Ball
2-1: Swinging Strike
2-2: Ball
3-2: Strikes out swinging
Batting: RHB Vasan Parthiban 0-0: Foul Ball, location: 2F
0-1: Swinging Strike
0-2: Ball
1-2: Strikes out swinging
Batting: LHB Gary Noke 0-0: Ball
1-0: Called Strike
1-1: Ball
2-1: Ball
3-1: SINGLE (Line Drive, 5D, EV 100.0 MPH)
Batting: SHB Ernesto Hernández 0-0: Called Strike
0-1: Ball
1-1: Ball
2-1: Ball
Wild Pitch!
Gary Noke to second
3-1: Foul Ball, location: 2F
3-2: Base on Balls
Pinch Runner at 2nd Jejomar Catiel:
Batting: LHB Robert Norton 0-0: Foul Ball, location: 2F
0-1: Foul Ball, location: 2F
0-2: Ball
1-2: Foul Ball, location: 2F
1-2: Foul Ball, location: 2F
1-2: Ground out 4-3 (Groundball, 4, EV 88.8 MPH)
Top of the 9th over - 0 runs, 1 hit, 0 errors, 2 left on base; Athletic Club KC Academy 1 - Gulf Coast 3
Monday, October 31st , 2022 - OOTP Baseball 22.12 Build 89